Map: Dusk Towers

Players

Squall

  • Race: Terran Terran
  • League: Gold

Sashok - Winner!

  • Race: Protoss Protoss
  • League: Gold

VOD

Have the link to the VOD?

Description

Time

  • Played on: April 16, 2016, 6:58 p.m.
  • Length: 9:11
Show
View Real Time Build Order
Export as new Build Order

Squall Terran 

Build Orders: Reaper Expand 

Get SALT Encoding   

  12  0:01  SCV  
  13  0:13  SCV  
  14  0:18  Supply Depot  
  14  0:25  SCV  
  15  0:40  SCV  
  15  0:42  Barracks  
  16  0:44  Refinery  
  16  0:52  SCV  
  17  1:04  SCV  
  18  1:16  SCV  
  19  1:31  Orbital Command  
  19  1:32  Reaper  
  20  1:47  Command Center  
  20  1:58  SCV  
  21  2:09  Supply Depot  
  21  2:10  SCV  
  21  2:11  Barracks Reactor  
  22  2:18  Refinery  
  22  2:22  SCV  
  23  2:34  Factory  
  23  2:35  SCV  
  24  2:49  SCV  
  25  3:00  Orbital Command  
  24  3:07  SCV, Marine x2, Barracks  
  24  3:12  Bunker  
  27  3:19  SCV  
  28  3:21  Supply Depot  
  28  3:25  SCV  
  29  3:27  Factory Tech Lab  
  29  3:29  Marine x2  
  29  3:31  SCV  
  32  3:37  SCV  
  32  3:39  Engineering Bay  
  33  3:43  SCV  
  32  3:48  Marine  
  32  3:49  Marine, SCV  
  32  3:55  SCV  
  26  4:04  Marine  
  27  4:10  Missile Turret  
  27  4:14  SCV  
  27  4:16  Marine x2  
  25  4:31  SCV  
  25  4:32  SCV  
  26  4:38  Refinery  
  26  4:39  Marine  
  26  4:40  Marine  
  26  4:43  SCV  
  24  4:47  SCV  
  25  4:58  Cyclone  
  26  5:04  SCV x2  
  26  5:09  Marine  
  26  5:10  Marine  
  26  5:11  Barracks Tech Lab  
  28  5:16  SCV  
  28  5:20  SCV  
  30  5:27  Missile Turret, Marine  
  32  5:28  SCV, Marine  
  30  5:38  SCV  
  30  5:40  SCV  
  30  5:42  Marine  
  33  5:44  Stimpack  
  33  5:45  Marine  
  34  5:50  SCV  
  34  5:51  Starport  
  34  5:52  SCV  
  36  5:58  Marine  
  36  6:02  SCV  
  38  6:04  SCV  
  38  6:07  Marine  
  38  6:08  Missile Turret  
  40  6:14  SCV  
  40  6:16  SCV  
  42  6:26  SCV  
  42  6:29  SCV  
  44  6:34  Missile Turret  
  44  6:36  Medivac  
  44  6:38  SCV  
  47  6:41  SCV  
  47  6:47  Marine x2  
  48  6:48  Marauder  
  48  6:50  SCV  
  48  6:53  SCV  
  54  6:54  Terran Infantry Weapons Level 1  
  54  7:07  Supply Depot  
  54  7:12  Barracks  
  54  7:14  Barracks  
  54  7:28  Marine x2, Marauder, SCV x2  
  60  7:40  SCV x2  
  62  7:46  Command Center  
  62  8:00  Supply Depot  
  62  8:02  Supply Depot  
  62  8:10  Starport Reactor, Refinery  
  62  8:22  Marine x2, Siege Tank, SCV x2  
  70  8:27  Barracks Tech Lab  
  70  8:28  Barracks Reactor  
  65  8:34  SCV x2  
  65  8:39  Marine x2  
  59  8:44  Marine  
  59  8:45  Marine  
  59  8:46  SCV x2  
  45  8:58  SCV x2  
Show
View Real Time Build Order
Export as new Build Order

Sashok Protoss - Winner!

Build Orders: Oracle Opening 

Get SALT Encoding   

  12  0:01  Probe (Chrono Boost)  
  13  0:15  Pylon  
  13  0:20  Probe (Chrono Boost)  
  14  0:31  Probe (Chrono Boost)  
  15  0:42  Probe (Chrono Boost)  
  16  0:45  Gateway  
  16  0:53  Assimilator, Probe (Chrono Boost)  
  17  0:59  Assimilator  
  17  1:10  Probe (Chrono Boost)  
  18  1:20  Probe (Chrono Boost)  
  19  1:31  Probe (Chrono Boost)  
  20  1:34  Cybernetics Core  
  20  1:42  Probe (Chrono Boost)  
  20  1:45  Pylon  
  21  1:52  Probe (Chrono Boost)  
  22  2:03  Probe (Chrono Boost)  
  23  2:13  Stargate  
  23  2:29  Nexus  
  23  2:35  Pylon, Probe (Chrono Boost)  
  24  2:44  Stalker (Chrono Boost)  
  26  2:46  Probe (Chrono Boost)  
  27  2:58  Probe  
  28  3:05  Oracle (Chrono Boost)  
  31  3:20  Warp Gate  
  31  3:28  Pylon  
  31  3:31  Probe  
  32  3:39  Oracle (Chrono Boost)  
  35  3:43  Probe  
  36  4:08  Probe  
  36  4:10  Oracle (Chrono Boost)  
  40  4:19  Twilight Council, Probe  
  41  4:29  Probe  
  42  4:40  Probe  
  43  4:50  Probe  
  44  5:06  Probe  
  44  5:12  Blink  
  45  5:17  Probe  
  45  5:19  Gateway  
  46  5:22  Gateway  
  46  5:24  Gateway  
  46  5:26  Gateway  
  46  5:27  Probe  
  47  5:38  Probe  
  47  5:40  Stalker  
  47  5:48  Assimilator, Probe  
  47  5:52  Assimilator, Mothership Core  
  47  5:55  Pylon  
  50  5:57  Pylon  
  50  5:59  Probe  
  50  6:01  Pylon  
  51  6:05  Pylon  
  51  6:10  Probe  
  52  6:20  Probe  
  52  6:23  Stalker  
  55  6:26  Stalker x3  
  55  6:28  Stalker  
  55  6:32  Probe  
  64  6:42  Probe  
  64  6:45  Forge  
  65  6:51  Pylon  
  65  6:52  Pylon  
  65  6:53  Probe  
  65  6:56  Fleet Beacon  
  66  7:04  Probe  
  66  7:06  Pylon  
  67  7:14  Probe  
  67  7:16  Pylon  
  67  7:18  Stalker x2  
  67  7:19  Stalker x3  
  78  7:25  Probe  
  79  7:35  Gateway  
  79  7:36  Gateway  
  79  7:44  Robotics Facility  
  79  7:55  Zealot  
  79  7:57  Stalker x3  
  79  7:58  Stalker  
  89  8:17  Pylon  
  89  8:19  Pylon  
  89  8:21  Pylon  
  83  8:42  Stalker  
  83  8:43  Stalker x3  
  83  8:44  Stalker  
Tags
 
Add a new tag
Caveats
  • Supply blocks, unpowered buildings, or Contaminate may cause inaccurate times.
  • Supply counts are checked every 10 seconds.